 Dungeon Crawl Stone Soup version 0.23-a0-130-g0e7800e (webtiles) character file.

284 TheOrbIsALie the Gusty (level 6, -2/41 HPs)
             Began as a Demonspawn Air Elementalist on Aug 27, 2018.
             Slain by a gnoll
             ... wielding a +0 spear
              (6 damage)
             ... on level 4 of the Dungeon.
             The game lasted 00:07:34 (3693 turns).

TheOrbIsALie the Gusty (DsAE)                       Turns: 3693, Time: 00:07:35

Health: -2/41      AC: 10    Str:  8    XL:     6   Next: 7%
Magic:  9/9        EV: 15    Int: 18    God:
Gold:   302        SH:  0    Dex: 19    Spells: 8/9 levels left

rFire    . . .     SeeInvis .   (no weapon)
rCold    . . .     Gourm    .   (no shield)
rNeg     + . .     Faith    .   s - +0 ring mail (curse)
rPois    .         Spirit   .   u - +0 helmet
rElec    .         Reflect  .   i - +0 cloak
rCorr    .         Harm     .   (no gloves)
MR       .....                  (no boots)
Stlth    ++........             (no amulet)
HPRegen  0.13/turn              x - ring of positive energy
MPRegen  0.11/turn              (no ring)

@: agile
A: hooves 2, icy blue scales 2
a: no special abilities


You were on level 4 of the Dungeon.
You were hungry.

You visited 1 branch of the dungeon, and saw 4 of its levels.

You collected 302 gold pieces.

Inventory:

Armour
 a - a +0 robe
 i - a +0 cloak (worn)
 s - a cursed +0 ring mail (worn)
 u - a +0 helmet (worn)
 v - a +0 cloak
 y - a +2 ring mail of magic resistance
Jewellery
 x - a ring of positive energy (left hand)
Scrolls
 b - a scroll of enchant weapon {unknown}
 d - 4 scrolls of teleportation {unknown}
 g - 5 scrolls of remove curse {unknown}
 h - 2 scrolls of amnesia {unknown}
 l - 2 scrolls of random uselessness {unknown}
 n - 2 scrolls of blinking {unknown}
 o - 2 scrolls of noise {unknown}
 p - 3 scrolls of identify {unknown}
 r - 3 scrolls of enchant armour {unknown}
 w - 2 scrolls of magic mapping {unknown}
 z - a scroll of immolation {unknown}
Potions
 e - 3 potions of might {unknown}
 f - 2 potions of heal wounds {unknown}
 j - 2 potions of agility
 k - a potion of lignification {unknown}
 m - 3 potions of curing {unknown}
 q - a potion of degeneration {unknown}
Comestibles
 c - 9 rations
 t - a chunk of flesh


   Skills:
 - Level 1.7 Dodging
 - Level 1.7 Stealth
 - Level 2.0 Spellcasting
 - Level 2.2 Conjurations
 + Level 5.9 Air Magic


You had 8 spell levels left.
You knew the following spells:

 Your Spells              Type           Power        Failure   Level  Hunger
a - Shock                 Conj/Air       ###.         11%         1    #......

Your spell library contained the following spells:

 Spells                   Type           Power        Failure   Level  Hunger
 Swiftness                Chrm/Air       ##......     26%         2    ###....
 Static Discharge         Conj/Air       ###.....     30%         3    ###....
 Airstrike                Air            ###.......   43%         4    #####..
 Lightning Bolt           Conj/Air       ###.......   96%         5    ######.


Dungeon Overview and Level Annotations

Branches:
Dungeon (4/15)
 Temple: D:4-7

Altars:
Vehumet


Innate Abilities, Weirdness & Mutations

You have hoof-like feet.
You are mostly covered in icy blue scales. (AC +3)


Message History

The slug dart misses you.
The gnoll hits you from afar with a halberd!
The gnoll closely misses you.
There is an open door, spattered with blood here.
The gnoll shaman calls upon its god to speed up the gnoll.
The gnoll seems to speed up.
The gnoll hits you from afar with a spear.
The gnoll barely misses you. The gnoll hits you but does no damage.
The gnoll barely misses you. The gnoll closely misses you.
The dart slug barely misses you. The gnoll barely misses you.
The gnoll hits you from afar with an enchanted spear.
The gnoll hits you with a whip!
* * * LOW HITPOINT WARNING * * *
The gnoll hits you from afar with a spear.
* * * LOW HITPOINT WARNING * * *
The gnoll closely misses you.
You feel agile all of a sudden.
The gnoll hits you from afar with a spear.
You die...

#...#....# ##....#....#
##..#....# #.....'g...#
#####..## #.....#....#
#..##..## ###g###.Z..#
#..#....# #.....W###.#####
#..'....# #.wg...#.......#
#..#....# #.g.g..#.......#
#..#....# #[g.g..#..#....#
#..#....# #.@....#..#....#
#..###### ##+#####..#Z...#
#..#....# #..#....#
..#..#....# ...#....#
..#..#....# ##........#....#
..#..#....# #........ #....#
..#..#....# ....... +....#
..##'#....# .....# +##....#
..........######....##..###'##


You could see a phantom, a gnoll shaman, 5 gnolls, a dart slug and a howler
monkey skeleton.

Vanquished Creatures
  A howler monkey (D:4)
  A centaur skeleton (D:4)
  A hound (D:4)
  A worker ant (D:3)
  8 adders
  2 oozes
  An adder skeleton (D:4)
  3 dart slugs
  2 worms
  2 leopard geckos
  2 orcs (D:3)
  4 giant cockroaches
  6 goblins
  4 hobgoblins
  3 jackals (D:3)
  11 kobolds
  5 quokkas
  7 bats
  2 frilled lizards (D:1)
  5 rats
71 creatures vanquished.

Notes
Turn   | Place    | Note
-------+----------+-------------------------------------------
     0 | D:1      | TheOrbIsALie the Demonspawn Air Elementalist began the
                  | quest for the Orb.
     0 | D:1      | Reached XP level 1. HP: 13/13 MP: 3/3
   214 | D:1      | Gained mutation: You are partially covered in icy blue
                  | scales. (AC +2) [demonic ancestry]
   214 | D:1      | Reached XP level 2. HP: 3/19 MP: 0/5
   771 | D:1      | Reached skill level 3 in Air Magic
   892 | D:1      | Gained mutation: You have large cloven feet. [demonic
                  | ancestry]
   892 | D:1      | Reached XP level 3. HP: 19/24 MP: 0/6
  2020 | D:3      | Reached skill level 4 in Air Magic
  2020 | D:3      | Reached XP level 4. HP: 29/30 MP: 0/7
  2639 | D:3      | Found a radiant altar of Vehumet.
  3035 | D:4      | Noticed a phantom
  3036 | D:4      | Gained mutation: You are mostly covered in icy blue scales.
                  | (AC +3) [demonic ancestry]
  3036 | D:4      | Reached XP level 5. HP: 35/35 MP: 0/8
  3075 | D:3      | Reached skill level 5 in Air Magic
  3496 | D:4      | Gained mutation: You have hoof-like feet. [demonic
                  | ancestry]
  3496 | D:4      | Reached XP level 6. HP: 38/41 MP: 0/9
  3693 | D:4      | Slain by a gnoll

Vault maps used:
D:1:      ncdulo_watergridlock
D:3:      vehumet_crystals, first_ration
D:4:      marbit_many_paths, item_on_display_a

Skill      XL: |  1  2  3  4  5 |
---------------+----------------+-----
Conjurations   | 2 |  2.2
Air Magic      | 3 4 5 |  5.9
Dodging        | |  1.7
Stealth        | |  1.7
Spellcasting   | |  2.0

Action                   |  1- 3 |  4- 6 || total
-------------------------+-------+-------++-------
Melee: Unarmed           |    22 |    76 ||    98
       Kick              |     1 |    17 ||    18
 Cast: Shock             |    95 |    82 ||   177
  Use: Potion            |       |     1 ||     1
  Eat: Chunk             |     5 |     6 ||    11
Armor: Robe              |     7 |       ||     7
       Ring mail         |       |    68 ||    68
Dodge: Dodged            |    30 |    78 ||   108

Table legend:
 A = Non-vault XP
 B = Vault XP
 C = Vault XP percentage of total XP
 D = Non-vault monster count
 E = Vault monster count
 F = Vault count percentage of total count
                 A         B        C        D         E       F
            +---------+---------+-------+---------+---------+-------
      Total |     406 |       0 |   0.0 |      71 |       0 |   0.0
            +---------+---------+-------+---------+---------+-------
        D:1 |      43 |       0 |   0.0 |      24 |       0 |   0.0
        D:2 |      45 |       0 |   0.0 |      11 |       0 |   0.0
        D:3 |     132 |       0 |   0.0 |      26 |       0 |   0.0
        D:4 |     186 |       0 |   0.0 |      10 |       0 |   0.0
            +---------+---------+-------+---------+---------+-------
